 Dungeon Crawl Stone Soup version 0.12.3 (webtiles) character file.

72 Chiseanne the Vexing (level 2, 0/20 HPs)
             Began as a Centaur Enchanter on Sept 28, 2013.
             Slain by a giant gecko (3 damage)
             ... on Level 1 of the Dungeon.
             The game lasted 00:03:34 (740 turns).

Chiseanne the Vexing (Centaur Enchanter)             Turns: 740, Time: 00:03:34

HP   0/20        AC  5     Str 10      XL: 2   Next: 41%
MP   3/4         EV  6     Int 14      God:
Gold 56          SH 10     Dex  9      Spells:  1 memorised,  2 levels left

Res.Fire  : . . .   See Invis. : .   n - +0 mace
Res.Cold  : . . .   Warding    : .   b - +1 robe
Life Prot.: + . .   Conserve   : .   m - -2 shield (curse)
Res.Poison: .       Res.Corr.  : .   (no helmet)
Res.Elec. : .       Clarity    : .   (no cloak)
Sust.Abil.: . .     Spirit.Shd : .   (no gloves)
Res.Mut.  : .       Stasis     : .   (no barding)
Res.Rott. : .       Ctrl.Telep.: .   (no amulet)
Saprovore : . . .   Flight     : .   (no ring)
                                     i - ring of life protection {unknown}

@: very quick, not resistant to hostile enchantments, very unstealthy
A: hooves 3, deformed body, herbivore 1, speed 2, fast metabolism 1, tough skin
3
a: no special abilities


You were on level 1 of the Dungeon.
You were not hungry.

You visited 1 branch of the dungeon, and saw 1 of its levels.

You collected 36 gold pieces.

Inventory:

Hand weapons
 n - a +0,+0 mace (weapon)
Missiles
 d - 11 darts (quivered)
 e - 22 stones
 k - 40 arrows
Armour
 b - a +1 robe (worn)
 m - a cursed -2 shield (worn)
Comestibles
 f - 2 bread rations
 g - a choko
Scrolls
 j - a scroll of remove curse {unknown}
 l - a scroll of curse jewellery {unknown}
Jewellery
 i - a ring of life protection (left hand) {unknown}
Potions
 h - a potion of curing {unknown}
Books
 c - a book of Maledictions

   Spells                             Type                      Level
   *Corona                            Hexes                        1
   Sure Blade                         Hexes/Charms                 2
   Ensorcelled Hibernation            Hexes/Ice                    2
   Confuse                            Hexes                        3
   Enslavement                        Hexes                        4
   Invisibility                       Hexes                        6


   Skills:
 * Level 0.2 Fighting
   Level 1.1 Short Blades
 * Level 1.5 Throwing
 * Level 0.2 Armour
 * Level 1.5 Dodging
 - Level 1.2 Stealth
 - Level 0.6 Stabbing
 - Level 1.0 Spellcasting
 * Level 3.0 Hexes


You had 2 spell levels left.
You knew the following spells:

 Your Spells              Type           Power        Failure   Level  Hunger
a - Corona                Hex            ##......     58%         1    ##.....


Dungeon Overview and Level Annotations

Branches:
Dungeon (1/27)

Altars:


Innate Abilities, Weirdness & Mutations

You have hooves in place of feet.
Armour fits poorly on your strangely shaped body.
You digest meat inefficiently.
You cover ground very quickly.
You have a fast metabolism.
You have extremely tough skin (AC +3).


Message History

* * * LOW HITPOINT WARNING * * *
The giant gecko bites you but does no damage.
You closely miss the giant gecko.
The giant gecko is moderately wounded.
The giant gecko bites you.
* * * LOW HITPOINT WARNING * * *
You barely miss the giant gecko. Your kick misses the giant gecko.
The giant gecko is moderately wounded.
The giant gecko bites you but does no damage.
Casting: Corona
Confirm with . or Enter, or press ? or * to list all spells.
Aiming: Corona
Press: ? - help, Shift-Dir - straight line, f - giant gecko
Aim: a giant gecko (moderately wounded, clinging)
The giant gecko is outlined in light.
You block the giant gecko's attack. You block the giant gecko's attack.
You hit the giant gecko. Your kick misses the giant gecko.
The giant gecko is almost dead.
The giant gecko bites you.
You die...

#...# ###########...####
#####.................
##.....................
#................).....
#......#############...
#...##.#### ####
###.###%...# #...#
#@...# #...# #l...#
#...###.################
###.##..................
##.......##..%.........
#.....>..##.###########
#........##.#######
#......#.##.......#
##.#..###########.#####


You could see a giant gecko.

Vanquished Creatures
  A giant gecko (D:1)
  A goblin (D:1)
  A hobgoblin (D:1)
  6 bats (D:1)
  A giant newt (D:1)
  A kobold (D:1)
  6 rats (D:1)
17 creatures vanquished.

Notes
Turn   | Place    | Note
--------------------------------------------------------------
     0 | D:1      | Chiseanne, the Centaur Enchanter, began the quest for the Orb.
     0 | D:1      | Reached XP level 1. HP: 14/14 MP: 3/3
    61 | D:1      | Reached skill level 1 in Short Blades
   173 | D:1      | Reached XP level 2. HP: 20/20 MP: 2/4
   386 | D:1      | Reached skill level 3 in Hexes
   740 | D:1      | Slain by a giant gecko

Action                   || total
-------------------------++-------
Melee: Dagger            ||    36
       Mace              ||    10
Throw: Dart              ||     3
 Cast: Corona            ||     7
